 Dungeon Crawl Stone Soup version 0.26-a0-846-gcc8f1ee719 (webtiles) character file.

Game seed: 1210624465463499653

5698 miscthings the Destroyer (level 10, -1/63 HPs)
             Began as a Mummy Fire Elementalist on Nov 19, 2020.
             Was an Initiate of Gozag.
             Slain by a killer bee (8 damage)
             ... on level 8 of the Dungeon.
             The game lasted 00:23:31 (8440 turns).

miscthings the Destroyer (Mummy Fire Elementalist)  Turns: 8440, Time: 00:23:31

Health: -1/63      AC:  5    Str: 14    XL:     10   Next: 47%
Magic:  1/17       EV: 12    Int: 18    God:    Gozag
Gold:   570        SH:  0    Dex: 13    Spells: 6/19 levels left

rFire    + . .     SeeInvis .   j - +1 whip (freeze)
rCold    x . .     Faith    .   (no shield)
rNeg     + + +     Spirit   .   a - +0 robe
rPois    ∞         Reflect  .   m - +0 helmet
rElec    .         Harm     .   (no cloak)
rCorr    .         Rampage  .   f - +1 pair of gloves {Str+3}
MR       +....                  (no boots)
Stlth    ++........             (no amulet)
HPRegen  0.20/turn              o - ring of fire
MPRegen  0.15/turn              i - ring of fire

@: gold aura
A: no potions, fire vulnerability, cold resistance 1, negative energy resistance
3, torment resistance, unbreathing
a: Potion Petition, Call Merchant, Bribe Branch, Renounce Religion


You were on level 8 of the Dungeon.
You worshipped Gozag.
Gozag was pleased with you.
You visited 2 branches of the dungeon, and saw 9 of its levels.
You also visited: Sewer.

You collected 647 gold pieces.
You paid 77 gold pieces to Gozag.

Inventory:

Hand Weapons
 j - a +1 whip of freezing (weapon)
Armour
 a - a +0 robe (worn)
 f - a +1 pair of gloves of strength (worn)
 m - a +0 helmet (worn)
Jewellery
 e - a +4 ring of evasion
 i - a ring of fire (right hand)
 o - a ring of fire (left hand)
 s - an uncursed ring of ice
 v - an uncursed ring of see invisible
Wands
 c - a wand of polymorph (9)
 h - a wand of paralysis (11)
 r - a wand of acid (6)
 u - a wand of iceblast (7)
Scrolls
 b - a scroll of fear
 d - 2 scrolls of enchant weapon
 g - a scroll of magic mapping {unknown}
 k - 2 scrolls of blinking
 l - 9 scrolls of teleportation
 n - 2 scrolls of immolation {unknown}
 p - 2 scrolls of remove curse
 q - a scroll of fog {unknown}
 t - 3 scrolls of identify {@r1}


   Skills:
 - Level 1.5 Dodging
 - Level 1.5 Stealth
 - Level 5.0 Spellcasting
 + Level 9.5 Conjurations
 + Level 9.1 Fire Magic


You had 6 spell levels left.
You knew the following spells:

 Your Spells              Type           Power        Failure   Level
a - Foxfire               Conj/Fire      ####         1%          1
b - Conjure Flame         Conj/Fire      ######..     1%          3
c - Sticky Flame          Conj/Fire      ######..     2%          4
d - Fireball              Conj/Fire      ######....   8%          5

Your spell library contained the following spells:

 Spells                   Type           Power        Failure   Level
 Inner Flame              Hex/Fire       #####...     6%          3


Dungeon Overview and Level Annotations

Branches:
Dungeon (8/15)             Temple (1/1) D:7           Sewer (visited)
   Lair: D:8-11

Altars:
Ashenzari
Dithmenos
Gozag
Hepliaklqana
Makhleb
Sif Muna
Trog
Vehumet
Wu Jian
Yredelemnul

Shops:
D:4 (   D:6 [   D:7 (


Innate Abilities, Weirdness & Mutations

You do not drink.
Your flesh is vulnerable to fire.
You are immune to poison.
Your flesh is cold resistant. (rC+)
You are immune to negative energy. (rN+++)
You are immune to unholy pain and torment.
You can survive without breathing.


Message History

You can't drink.
Casting: Foxfire (safe; 1% risk of failure)
Confirm with . or Enter, or press ? or * to list all spells.
You feel a strong surge of power!
You conjure some foxfire!
The killer bee stings you but does no damage.
The killer bee becomes distracted by your gold, dreaming of imaginary riches.
You miss the killer bee.
The killer bee is no longer distracted by gold.
The killer bee buzzes angrily.
The killer bee is heavily wounded.
You hear an angry buzzing noise.
The foxfire hits the killer bee but does no damage.
The killer bee is heavily wounded.
The foxfire hits the killer bee.
The killer bee is heavily wounded.
The killer bee stings you.
* * * LOW HITPOINT WARNING * * *
The killer bee stings you!
You die...
Your body crumbles into a pile of gold.

#.......#$#### # #.......$....# #
........#.##.# ######### #
#.......#.##.# #.......# #
...####.#y##.# #.......# #####
#..####.#.##.###.......######....
........#...................#.###
y#.######....###§.[[.......=..###
.............###@§..[.....[).....
.y.............y.............)...
.#.###.......[.####.#[...........
.....'.........####.#...........#
##.###.........#.........(....#.#
...# #...............###'#.......
...# #...........................
.....#...........................
$....#.......................#.#.


You could see a killer bee.

Vanquished Creatures
  A two-headed ogre (D:8)
  A troll (D:6)
  Grum (D:8)
  Menkaure (D:7)
  2 sky beasts
  An orc warrior (D:8)
  2 phantoms
  2 eyes of draining (D:5)
  3 centaurs
  3 ogres
  2 wolves
  5 bullfrogs
  Blork the orc (D:4)
  A scorpion (D:4)
  12 killer bees (D:8)
  12 wights
  6 howler monkeys
  A bullfrog zombie (D:8)
  3 centaur zombies
  4 hounds
  2 centaur skeletons
  A gnoll shaman (D:5)
  3 orc priests
  4 jellies
  7 worker ants
  Terence (D:3)
  3 iguanas
  Natasha (thrice) (D:2)
  A hound zombie (D:5)
  A hound skeleton (D:7)
  4 gnolls (D:5)
  8 adders
  A howler monkey skeleton (D:6)
  4 shadow imps
  2 white imps (D:8)
  An ufetubus (D:5)
  11 oozes
  An adder zombie (D:5)
  A worm (D:2)
  2 dart slugs
  22 leopard geckos
  13 orcs
  28 giant cockroaches
  8 goblins
  12 hobgoblins
  10 jackals
  9 kobolds
  2 quokkas
  15 ball pythons
  5 bats
  18 frilled lizards
  A jackal skeleton (D:4)
  A quokka zombie (D:5)
  6 rats
275 creatures vanquished.

Vanquished Creatures (others)
  784 foxfires
  27 plants
811 creatures vanquished.

Grand Total: 1086 creatures vanquished

Notes
Turn   | Place    | Note
-------+----------+-------------------------------------------
     0 | D:1      | miscthings the Mummy Fire Elementalist began the quest for
                  | the Orb.
     0 | D:1      | Reached XP level 1. HP: 13/13 MP: 4/4
     0 | D:1      | Noticed a dwarf
     0 | D:1      | Noticed a ghoul
     6 | D:1      | Noticed an ogre
    14 | D:1      | Noticed a gargoyle
    16 | D:1      | Noticed a gargoyle
    16 | D:1      | Noticed a minotaur
   222 | D:1      | Reached XP level 2. HP: 10/19 MP: 1/5
   676 | D:1      | Reached skill level 1 in Conjurations
  1103 | D:2      | Reached XP level 3. HP: 24/24 MP: 4/7
  1220 | D:1      | Learned a level 3 spell: Conjure Flame
  1384 | D:2      | Reached XP level 4. HP: 30/30 MP: 4/8
  1411 | D:2      | Found a shadowy altar of Dithmenos.
  1524 | D:2      | Noticed Natasha
  1554 | D:2      | Killed Natasha
  1847 | D:2      | Reached XP level 5. HP: 35/35 MP: 4/9
  2082 | D:2      | Noticed Natasha
  2095 | D:2      | Killed Natasha
  2107 | D:2      | Noticed Natasha
  2118 | D:2      | Killed Natasha
  2259 | D:3      | Noticed a centaur
  2267 | D:3      | Learned a level 4 spell: Sticky Flame
  2274 | D:3      | Killed a centaur
  2275 | D:3      | Reached XP level 6. HP: 37/41 MP: 4/10
  2373 | D:3      | Noticed Terence
  2407 | D:3      | Killed Terence
  2864 | D:4      | Found Umexuss's Weapon Boutique.
  3057 | D:4      | Noticed Blork the orc
  3089 | D:4      | Reached XP level 7. HP: 42/46 MP: 5/13
  3090 | D:4      | Killed Blork the orc
  3121 | D:4      | Found a glowing drain.
  3159 | Sewer    | Entered a sewer
  3315 | Sewer    | Reached skill level 5 in Conjurations
  3692 | Sewer    | Reached skill level 5 in Spellcasting
  4194 | D:5      | Entered Level 5 of the Dungeon
  4215 | D:5      | Found a bloodstained altar of Trog.
  4241 | D:5      | Reached XP level 8. HP: 52/52 MP: 0/15
  4255 | D:5      | Reached skill level 5 in Fire Magic
  5163 | D:6      | Found Juuzxiur's Antique Armour Shoppe.
  5446 | D:6      | Reached XP level 9. HP: 40/57 MP: 2/16
  5778 | D:6      | Noticed a troll
  5786 | D:6      | Killed a troll
  6137 | D:6      | Learned a level 5 spell: Fireball
  6143 | D:7      | Found a staircase to the Ecumenical Temple.
  6426 | Temple   | Entered the Ecumenical Temple
  6498 | Temple   | Became a worshipper of Gozag Ym Sagoz the Greedy
  6590 | D:7      | Found Iseym's Hydra Hut.
  6594 | D:7      | Noticed a four-headed hydra
  6886 | D:7      | Noticed Menkaure
  6892 | D:7      | Killed Menkaure
  7312 | D:8      | Found a burning altar of Makhleb.
  7748 | D:8      | Reached XP level 10. HP: 42/63 MP: 1/17
  8160 | D:8      | Noticed a two-headed ogre
  8175 | D:8      | Killed a two-headed ogre
  8272 | D:8      | Noticed Grum
  8288 | D:8      | Killed Grum
  8440 | D:8      | Slain by a killer bee

Illustrated notes

Levels and vault maps discovered:
D:1:      shiori_arrival_whats_in_store_for_you, layout_loops_ring
D:2:      minmay_recursive_quarters, layout_basic, serial_bayou,
          serial_bayou_shore_a, serial_bayou_pond_c, serial_bayou_pond_e,
          serial_bayou_lagoon_b, serial_bayou_crossing,
          grunt_dithmenos_smoke_and_mirrors, uniq_natasha
D:3:      layout_loops_cross, uniq_terence
D:4:      layout_cave_pools, serial_shops,
          nicolae_shop_temple_entry_statues_fountains, gup_sewer_entry_pipe,
          uniq_blork_the_orc
D:5:      layout_gridville, kennysheep_cross_bottleneck, trog_eyes_of_draining
D:6:      layout_cave_pools, serial_shops, shop
D:7:      layout_basic, minmay_temple_entry_junction, doesnt_shop_hydraphobe,
          uniq_menkaure
D:8:      wad_woods_minihive, layout_basic, basic_altar, uniq_grum
Temple:   roderic_octagonal_lattice_temple

Skill      XL: |  1  2  3  4  5  6  7  8  9 10 |
---------------+-------------------------------+-----
Fire Magic     | 3 4 6 8 9 |  9.1
Conjurations   | 1 2 3 4 5 7 8 9 |  9.5
Spellcasting   | 3 4 5 |  5.0
Dodging        | |  1.5
Stealth        | |  1.5

Action                   |  1- 3 |  4- 6 |  7- 9 | 10-12 || total
-------------------------+-------+-------+-------+-------++-------
Melee: Unarmed           |     3 |       |       |       ||     3
       Dagger            |    15 |       |       |       ||    15
       Whip              |     6 |    32 |    79 |     3 ||   120
 Cast: Foxfire           |    54 |   103 |   316 |    59 ||   532
       Sticky Flame      |       |     1 |    12 |     2 ||    15
       Conjure Flame     |       |       |     2 |       ||     2
       Fireball          |       |       |     1 |     5 ||     6
Evoke: Wand              |       |       |       |     1 ||     1
  Use: Scroll            |       |     6 |     2 |       ||     8
 Stab: Sleeping          |     2 |       |       |       ||     2
Armor: Robe              |     9 |    21 |    36 |    11 ||    77
Dodge: Dodged            |    31 |    67 |   164 |    33 ||   295

Table legend: (Time is in decaauts)
 A = Elapsed time spent in this place.
 B = Non-inter-level travel time spent in this place.
 C = Inter-level travel time spent in this place.
 D = Time resting spent in this place.
 E = Time spent auto-exploring this place.
 F = Levels seen in this place.
 G = Mean time per level.
                   A        B        C        D        E       F      G
               +--------+--------+--------+--------+--------+-----+--------+
         Total |   8635 |   8365 |    270 |   2307 |   3488 |  10 |  863.5 |
       Dungeon |   7817 |   7571 |    246 |   2101 |   3365 |   8 |  977.1 |
        Temple |     96 |     72 |     24 |      0 |     67 |   1 |   96.0 |
         Sewer |    721 |    721 |      0 |    206 |     56 |   1 |  721.0 |
               +--------+--------+--------+--------+--------+-----+--------+

Top non-repeatable levels by time:
     D:5: 1352 daAuts
     D:7: 1163 daAuts
     D:1: 1157 daAuts
     D:2: 1079 daAuts
     D:6: 847 daAuts
     D:8: 789 daAuts
     D:4: 752 daAuts
   Sewer: 721 daAuts
     D:3: 677 daAuts
  Temple: 96 daAuts
